 Dungeon Crawl Stone Soup version 0.31-a0-202-g547052bce9 (webtiles) character file.

Game seed: 3979076751153493365

196 Essalna the Digger (level 5, -4/32 HPs)
             Began as a Gargoyle Earth Elementalist on June 27, 2023.
             Slain by Pikel
             ... wielding a +0 whip of electrocution
              (9 damage)
             ... on level 4 of the Dungeon.
             The game lasted 00:06:06 (3218 turns).

Essalna the Digger (Gargoyle Earth Elementalist)    Turns: 3218, Time: 00:06:07

Health: -4/32      AC:  8    Str: 11    XL:     5   Next: 74%
Magic:  5/8        EV: 11    Int: 18    God:
Gold:   256        SH:  5    Dex: 10    Spells: 7/8 levels left

rFire   + . .        g - +1 dagger (elec)
rCold   . . .        (no shield)
rNeg    + . .        o - +1 leather armour {rF+}
rPois   ∞            (no helmet)
rElec   +            (no cloak)
rCorr   .            (no gloves)
SInv    .            (no boots)
Will    .....        e - amulet of reflection
Stlth   ++           (no ring)
HPRegen 0.25/turn    (no ring)
MPRegen 0.11/turn

%: reflection
@: no status effects
A: sickness immunity, AC +4, negative energy resistance 1, electricity
resistance, torment resistance 1, petrification resistance
a: no special abilities


You were on level 4 of the Dungeon.
You visited 1 branch of the dungeon, and saw 4 of its levels.

You collected 256 gold pieces.

Inventory:

Hand Weapons
 g - a +1 dagger of electrocution (weapon)
Armour
 a - a +0 robe
 o - a +1 leather armour of fire resistance (worn)
Magical Staves
 j - a staff of conjuration
Jewellery
 e - an amulet of reflection (around neck)
Scrolls
 n - 2 scrolls of identify
 p - a scroll of revelation
Potions
 b - a potion of magic
 c - a potion of ambrosia
 d - 2 potions of mutation {unknown}
 f - a potion of might {unknown}
 h - a potion of heal wounds {unknown}
 i - a potion of attraction {unknown}
 k - a potion of cancellation {unknown}
 l - a potion of haste {unknown}
 m - a potion of curing {unknown}
 q - a potion of brilliance {unknown}


   Skills:
 + Level 3.2 Fighting
 + Level 0.4 Armour
 + Level 1.6 Dodging
 - Level 2.1 Stealth
 - Level 2.0 Spellcasting
 + Level 2.4 Transmutations
 + Level 5.1 Earth Magic


You had 7 spell levels left.
You knew the following spells:

 Your Spells              Type           Power      Damage    Failure   Level
a - Sandblast             Erth           40%        2d10      3%          1

Your spell library contained the following spells:

 Spells                   Type           Power      Damage    Failure   Level
 Passwall                 Tmut/Erth      12%        N/A       8%          2
 Stone Arrow              Conj/Erth      20%        3d8       26%         3
 Petrify                  Tmut/Erth      15%        N/A       45%         4


Dungeon Overview and Level Annotations

Branches:
Dungeon (4/15)
 Temple: D:4-7

Altars:
Elyvilon
Gozag
Nemelex Xobeh
Okawaru
Sif Muna
Zin

Shops:
D:2 [

Annotations:
D:4 Pikel


Innate Abilities, Weirdness & Mutations

You are immune to sickness and miasma.
Your stone body is resilient. (AC +4)
You are immune to poison.
You resist negative energy. (rN+)
You are resistant to electric shocks. (rElec)
You are resistant to unholy torment.
You are immune to petrification.


Message History

The blast of sand hits Pikel but does no damage.
Pikel is lightly wounded.
Pikel hits you with a +0 whip of electrocution.
The lemure hits you.
Casting: Sandblast (safe; 3% risk of failure)
Confirm with . or Enter, or press ? or * to list all spells.
Aiming: Sandblast (safe; 3% risk of failure)
Press: ? - help, Shift-Dir - straight line, f/p - Pikel
Aim: Pikel, wielding a +0 whip of electrocution and wearing a +2 robe (lightly wounded, 79% to hit)
The blast of sand hits Pikel but does no damage.
Pikel is lightly wounded.
Pikel hits you but does no damage. The lemure closely misses you.
You block Pikel's attack.
Casting: Sandblast (safe; 3% risk of failure)
Confirm with . or Enter, or press ? or * to list all spells.
Aiming: Sandblast (safe; 3% risk of failure)
Press: ? - help, Shift-Dir - straight line, f/p - Pikel
Aim: Pikel, wielding a +0 whip of electrocution and wearing a +2 robe (lightly wounded, 79% to hit)
The blast of sand hits Pikel but does no damage.
Pikel is lightly wounded.
The lemure closely misses you.
Pikel hits you with a +0 whip of electrocution.
The lemure barely misses you. The lemure attacks as you move away!
The lemure barely misses you. The lemure attacks as you move away!
The lemure barely misses you. Pikel attacks as you move away!
Pikel hits you but does no damage. Pikel attacks as you move away!
You block Pikel's attack. Pikel attacks as you move away!
Pikel hits you with a +0 whip of electrocution.
Pikel attacks as you move away!
Pikel hits you with a +0 whip of electrocution.
* * * LOW HITPOINT WARNING * * *
Pikel attacks as you move away! Pikel misses you.
Okay, then.
Pikel attacks as you move away!
Pikel hits you with a +0 whip of electrocution.
* * * LOW HITPOINT WARNING * * *
Pikel attacks as you move away!
Pikel hits you with a +0 whip of electrocution!
You die...

##..#
#..##.....................
##..
#..##.................†...
#.)....##....................#
#......###.................###
..#####...................##
.# ##................###
#.###...........##
##.###.........(..## #
#...##.@...........#####
##...##.K...#....##...##.
#.......5..###..#####....
#..##.......# #..# ##..#
##..##5.## ##.# ##.#
##..###..# #.## #.. #...###..#
##.# ##. +...##..## #.## .
###..#..# #..### .


You could see Pikel and 2 lemures.

Vanquished Creatures
  2 lemures
  Terence (D:3)
  Robin (D:3)
  7 adders
  2 worms
  2 dart slugs
  2 orcs (D:3)
  4 ball pythons
  6 endoplasms
  3 giant cockroaches
  19 goblins
  8 hobgoblins
  11 jackals
  3 kobolds
  4 quokkas
  3 bats
  2 frilled lizards (D:1)
  4 rats
84 creatures vanquished.

Notes
Turn   | Place    | Note
-------+----------+-------------------------------------------
     0 | D:1      | Essalna the Gargoyle Earth Elementalist began the quest for
                  | the Orb.
     0 | D:1      | Reached XP level 1. HP: 10/10 MP: 3/3
   111 | D:1      | Reached skill level 1 in Transmutations
   226 | D:1      | Reached XP level 2. HP: 16/16 MP: 3/5
   302 | D:1      | Reached skill level 1 in Fighting
   351 | D:1      | Reached skill level 4 in Earth Magic
   527 | D:1      | Reached XP level 3. HP: 20/20 MP: 4/6
   836 | D:1      | Found a faded altar of an unknown god.
  1235 | D:2      | Reached XP level 4. HP: 24/26 MP: 0/7
  1575 | D:2      | You fall into a shaft and drop 1 floor!
  1575 | D:3      | Found a sparkling altar of Nemelex Xobeh.
  1575 | D:3      | Found an opulent altar of Gozag.
  1695 | D:3      | Noticed Terence
  1713 | D:3      | Killed Terence
  1824 | D:3      | Noticed Robin
  1831 | D:3      | Reached XP level 5. HP: 31/31 MP: 5/8
  1846 | D:3      | Killed Robin
  1939 | D:3      | Found a shimmering blue altar of Sif Muna.
  2240 | D:2      | Found Nocw's Armour Boutique.
  2328 | D:2      | Reached skill level 5 in Earth Magic
  2769 | D:3      | Found an iron altar of Okawaru.
  2833 | D:3      | Found a glowing silver altar of Zin.
  2833 | D:3      | Found a white marble altar of Elyvilon.
  2941 | D:4      | Noticed Pikel
  2994 | D:4      | Noticed a lemure
  2994 | D:4      | Noticed a lemure
  2994 | D:4      | Noticed a lemure
  2995 | D:4      | Noticed a lemure
  3006 | D:3      | Killed a lemure
  3191 | D:4      | Killed a lemure
  3218 | D:4      | Slain by Pikel

Illustrated notes

Levels and vault maps discovered:
D:1:      sevenhm_arrival_forest_fort_large_4, layout_basic,
          shapermc_ecumenical_altar_ellora
D:2:      layout_loops_ring, serial_shops, nicolae_shop_advertising_works
          [nicolae_subvault_shop_adworks]
D:3:      layout_rooms, grunt_temple_overflow_opulence, general_overflow_altar,
          nicolae_sif_muna_condensation, jmf_multi_god_temple, uniq_terence,
          uniq_robin
D:4:      layout_layer_cave, grunt_dithmenos_smoke,
          minmay_temple_entry_enclosed_plants, uniq_natasha, uniq_pikel

Skill      XL: |  1  2  3  4  5 |
---------------+----------------+-----
Transmutations | 1 2 |  2.4
Fighting       | 1 2 3 |  3.2
Earth Magic    | 4 5 |  5.1
Armour         | |  0.4
Dodging        | |  1.6
Stealth        | |  2.1
Spellcasting   | |  2.0

Action                     |  1- 3 |  4- 6 || total
---------------------------+-------+-------++-------
  Melee: Unarmed           |    23 |       ||    23
         Dagger            |       |    61 ||    61
   Cast: Sandblast         |    43 |    76 ||   119
    Use: Scroll            |     3 |     4 ||     7
 Armour: Robe              |    15 |    17 ||    32
         Leather armour    |       |    18 ||    18
  Dodge: Dodged            |    29 |    81 ||   110
  Block: Other             |       |    14 ||    14

Table legend: (Time is in decaauts)
 A = Elapsed time spent in this place.
 B = Non-inter-level travel time spent in this place.
 C = Inter-level travel time spent in this place.
 D = Time resting spent in this place.
 E = Time spent auto-exploring this place.
 F = Levels seen in this place.
 G = Mean time per level.
                   A        B        C        D        E       F      G
               +--------+--------+--------+--------+--------+-----+--------+
         Total |   3277 |   3153 |    124 |     82 |   2529 |   4 |  819.2 |
       Dungeon |   3277 |   3153 |    124 |     82 |   2529 |   4 |  819.2 |
               +--------+--------+--------+--------+--------+-----+--------+

Top non-repeatable levels by time:
     D:1: 1189 daAuts
     D:3: 952 daAuts
     D:2: 922 daAuts
     D:4: 213 daAuts
